 Dungeon Crawl Stone Soup version 0.26-a0-737-g4e9f4955e2 (webtiles) character file.

Game seed: 16757061366516950595

252 Descartes the Chiller (level 6, -2/41 HPs)
             Began as a Barachi Ice Elementalist on Nov 4, 2020.
             Slain by Sigmund
             ... wielding a +0 scythe
              (7 damage)
             ... on level 4 of the Dungeon.
             The game lasted 00:08:46 (3752 turns).

Descartes the Chiller (Barachi Ice Elementalist)    Turns: 3752, Time: 00:08:47

Health: -2/41      AC:  7    Str: 11    XL:     6   Next: 13%
Magic:  2/12       EV: 11    Int: 16    God:
Gold:   165        SH:  0    Dex: 12    Spells: 9/13 levels left

rFire    . . .     SeeInvis .   b - +0 dagger
rCold    . . .     Faith    .   (no shield)
rNeg     . . .     Spirit   .   f - +0 ring mail
rPois    +         Reflect  .   (no helmet)
rElec    .         Harm     .   q - +0 cloak
rCorr    .         Rampage  .   k - +0 pair of gloves
MR       +....                  (no boots)
Stlth    +.........             (no amulet)
HPRegen  0.13/turn              r - ring of poison resistance
MPRegen  0.13/turn              w - ring of protection from magic

@: frozen ramparts, slow
A: +LOS, swims, slowness 1, strong legs 1
a: Hop


You were on level 4 of the Dungeon.
You visited 1 branch of the dungeon, and saw 4 of its levels.

You collected 165 gold pieces.

Inventory:

Hand Weapons
 b - a +0 dagger (weapon)
Missiles
 c - 56 arrows
 d - 145 stones (quivered)
 g - 44 sling bullets
 p - 6 javelins
Armour
 a - a +0 robe
 f - a +0 ring mail (worn)
 k - a +0 pair of gloves (worn)
 q - a +0 cloak (worn)
 A - a +0 chain mail
 B - a +0 leather armour
Jewellery
 r - a ring of poison resistance (left hand)
 w - a ring of protection from magic (right hand)
 x - an uncursed ring of resist corrosion
Wands
 y - a wand of digging (6)
Scrolls
 h - 3 scrolls of remove curse {unknown}
 i - 4 scrolls of amnesia {unknown}
 j - a scroll of enchant weapon {unknown}
 l - 2 scrolls of random uselessness {unknown}
 m - 8 scrolls of identify {unknown}
 o - a scroll of fear {unknown}
 s - 2 scrolls of blinking {unknown}
Potions
 e - a potion of cancellation {unknown}
 n - 2 potions of resistance {unknown}
 t - 2 potions of curing {unknown}
 u - a potion of flight {unknown}
 v - a potion of heal wounds {unknown}
 z - a potion of invisibility {unknown}
 C - 2 potions of brilliance {unknown}


   Skills:
 - Level 3.0 Armour
 - Level 3.0 Dodging
 - Level 1.7 Stealth
 + Level 4.1 Spellcasting
 + Level 6.3 Ice Magic


You had 9 spell levels left.
You knew the following spells:

 Your Spells              Type           Power        Failure   Level
a - Freeze                Ice            ###.         2%          1
b - Frozen Ramparts       Ice            ###...       9%          3

Your spell library contained the following spells:

 Spells                   Type           Power        Failure   Level
 Ozocubu's Armour         Ice            ###.....     9%          3
 Hailstorm                Conj/Ice       ##......     71%         4
 Summon Ice Beast         Ice/Summ       ##......     71%         4


Dungeon Overview and Level Annotations

Branches:
Dungeon (4/15)
 Temple: D:4-7

Altars:
Elyvilon
Okawaru
Qazlal
Sif Muna

Annotations:
D:4 Sigmund


Innate Abilities, Weirdness & Mutations

You can be seen from farther away. (+LOS)
You can swim through water.
You cover ground slowly.
You can hop short distances.


Message History

Sigmund closely misses you.
Found a stone staircase leading up.
Sigmund points at you and mumbles some strange words.
The puff of flame hits you!
* * * LOW HITPOINT WARNING * * *
Casting: Frozen Ramparts (dangerous; 9% risk of failure)
Confirm with . or Enter, or press ? or * to list all spells.
The walls around you are covered in ice.
The phantom completely resists.
The wall freezes the phantom but do no damage.
The wall freezes Sigmund.
The phantom completely resists.
The wall freezes the phantom but do no damage.
The phantom blinks!
The wall freezes Sigmund.
An orc and an orc wizard come into view.
The orc wizard is wielding a +0 whip and wearing a +2 robe of cold resistance.
The orc wizard shouts!
The wall freezes Sigmund. x2
Sigmund hits you from afar with a +0 scythe!
You die...

#.##.##......o...# #.##
#................# #.##
#####......†.....o...# #.##
.....................# #W##
###...##########.##### #.##
..#.#.##########.#### #.##
......#.............# ########...
.##......######.....###.......###
..#.†##..# #.@....W'.......# #
..)......# ###.##.##.......# #
#.##.....# #@...###...#### #
#......#.# #.######.########
..........#######.##...#.####....
.................................
####.###.#.##.#.#.##.#.#.#.##.###
#.. .#.# #.#.##.#...#....#
.<...#.....######


You could see a phantom, Sigmund, an orc wizard and an orc.

Vanquished Creatures
  2 howler monkeys (D:4)
  A hound (D:4)
  A worker ant (D:4)
  3 adders
  A gnoll (D:1)
  A worm (D:2)
  2 dart slugs (D:1)
  4 leopard geckos
  9 orcs
  5 giant cockroaches
  7 goblins
  2 hobgoblins
  4 kobolds
  A quokka (D:3)
  2 ball pythons
  6 bats
  8 frilled lizards
  A leopard gecko skeleton (D:4)
  7 rats
67 creatures vanquished.

Notes
Turn   | Place    | Note
-------+----------+-------------------------------------------
     0 | D:1      | Descartes the Barachi Ice Elementalist began the quest for
                  | the Orb.
     0 | D:1      | Reached XP level 1. HP: 13/13 MP: 3/3
   184 | D:1      | Reached XP level 2. HP: 19/19 MP: 3/5
   279 | D:1      | Reached skill level 5 in Ice Magic
   486 | D:1      | Reached skill level 1 in Armour
   660 | D:1      | Reached XP level 3. HP: 24/24 MP: 3/6
  1263 | D:2      | Found an iron altar of Okawaru.
  2214 | D:3      | Reached XP level 4. HP: 27/30 MP: 4/8
  2295 | D:3      | Learned a level 3 spell: Frozen Ramparts
  2616 | D:3      | Found a stormy altar of Qazlal.
  2905 | D:3      | Found a shimmering blue altar of Sif Muna.
  3018 | D:4      | Found a white marble altar of Elyvilon.
  3052 | D:4      | Reached XP level 5. HP: 26/35 MP: 1/9
  3401 | D:4      | Reached skill level 6 in Ice Magic
  3406 | D:4      | Reached XP level 6. HP: 35/41 MP: 2/12
  3574 | D:4      | Noticed a phantom
  3746 | D:4      | Noticed Sigmund
  3752 | D:4      | Slain by Sigmund

Illustrated notes

Levels and vault maps discovered:
D:1:      nicolae_arrival_somewhat_less_tricky_arrival, layout_loops_corners,
          serial_bayou_crossing
D:2:      layout_loops_ring, okawaru_metal_pillars_1_2,
          kennysheep_cluttered_room
D:3:      layout_rooms, grunt_qazlal_clouds, lemuel_coloured_pillars_altar
D:4:      layout_basic, kennysheep_ying_yang, uniq_sigmund

Skill      XL: |  1  2  3  4  5 |
---------------+----------------+-----
Ice Magic      | 5 6 |  6.3
Armour         | 1 2 3 |  3.0
Dodging        | 3 |  3.0
Spellcasting   | 3 4 |  4.1
Stealth        | |  1.7

Action                   |  1- 3 |  4- 6 || total
-------------------------+-------+-------++-------
Melee: Unarmed           |     5 |       ||     5
       Dagger            |    13 |    46 ||    59
 Cast: Freeze            |    44 |    66 ||   110
       Frozen Ramparts   |       |    11 ||    11
 Stab: Sleeping          |     2 |       ||     2
Armor: Robe              |     8 |    12 ||    20
       Leather armour    |       |     5 ||     5
       Ring mail         |       |    14 ||    14
Dodge: Dodged            |    36 |    49 ||    85

Table legend: (Time is in decaauts)
 A = Elapsed time spent in this place.
 B = Non-inter-level travel time spent in this place.
 C = Inter-level travel time spent in this place.
 D = Time resting spent in this place.
 E = Time spent auto-exploring this place.
 F = Levels seen in this place.
 G = Mean time per level.
                   A        B        C        D        E       F      G
               +--------+--------+--------+--------+--------+-----+--------+
         Total |   4179 |   4039 |    140 |      0 |   3345 |   4 | 1044.8 |
       Dungeon |   4179 |   4039 |    140 |      0 |   3345 |   4 | 1044.8 |
               +--------+--------+--------+--------+--------+-----+--------+

Top non-repeatable levels by time:
     D:1: 1424 daAuts
     D:2: 1073 daAuts
     D:3: 854 daAuts
     D:4: 827 daAuts
